[Event "ICC Open 2015"]
[Site "Internet Chess Club"]
[Date "2015.05.30"]
[Round "9"]
[White "ivancele"]
[Black "oskarchess"]
[Result "0-1"]
[ICCResult "White forfeits on time"]
[WhiteElo "1581"]
[BlackElo "1816"]
[Opening "King's Indian: Four pawns attack, dynamic line"]
[ECO "E76"]
[NIC "KI.31"]
[Time "20:26:29"]
[TimeControl "180+0"]

1. d4 Nf6 2. c4 d6 3. Nc3 g6 4. e4 Bg7 5. f4 c5 6. d5 O-O 7. Nf3 Bg4 8. Be2
a6 9. O-O Bxf3 10. Bxf3 Nbd7 11. a4 Rb8 12. h3 e5 13. Kh2 exf4 14. Bxf4 Ne5
15. Be2 Nfd7 16. Qc2 b6 17. Rae1 Rb7 18. b3 f6 19. Nd1 Nb8 20. Qd2 Rbf7 21.
Bh6 Nbd7 22. Bxg7 Kxg7 23. Ne3 Qe7 24. Ng4 Rg8 25. Rf2 Nxg4+ 26. Bxg4 Rff8
27. Be6 Rh8 28. Ref1 Ne5 29. g4 h6 30. Kg3 h5 31. g5 fxg5 32. Rxf8 Rxf8 33.
Rxf8 Kxf8 34. Bc8 a5 35. Be6 Kg7 36. Qe3 Qf6 37. Bc8 g4 38. hxg4 h4+ 39. Kh3
Nf3 40. g5 Nxg5+ 41. Kg4 Nf7 42. Qf4 Ne5+ 43. Kh3 Qxf4 {White forfeits on
time} 0-1

[Event "ICC Open 2015"]
[Site "Internet Chess Club"]
[Date "2015.05.30"]
[Round "9"]
[White "KVR"]
[Black "paulohaddad"]
[Result "0-1"]
[ICCResult "White forfeits on time"]
[WhiteElo "1345"]
[BlackElo "1720"]
[Opening "QGD: 3...Nf6"]
[ECO "D35"]
[NIC "QO.16"]
[Time "20:25:55"]
[TimeControl "180+0"]

1. d4 e6 2. c4 d5 3. Nc3 Nf6 4. e3 c6 5. cxd5 exd5 6. Nf3 Bg4 7. Be2 Bd6 8.
Ne5 Bxe5 9. dxe5 Bxe2 10. Qxe2 Nfd7 11. f4 O-O 12. O-O Nc5 13. b4 Ne6 14.
Bb2 d4 15. Ne4 dxe3 16. Qxe3 Qe7 17. f5 Nc7 18. f6 Qxb4 19. fxg7 Rd8 20.
Nf6+ Kxg7 21. Qg5+ Kh8 22. Rad1 Nba6 23. Rxd8+ Rxd8 24. Qh6 Qc5+ 25. Kh1 Qc2
26. Ba3 Qg6 27. Qxg6 hxg6 28. Bd6 Ne6 29. Ne4 Nac7 30. Rxf7 Nd5 31. Nf6 Nxf6
32. Rxf6 Kg7 33. Rxe6 c5 34. Re7+ Kh6 35. Rxb7 c4 36. Rc7 c3 37. Rxc3 Rf8
38. Rh3+ Kg7 39. Rf3 Rc8 40. h3 Rc1+ 41. Kh2 Re1 42. a3 Kh6 43. Rf6 Kg5
{White forfeits on time}
0-1

[Event "ICC Open 2015"]
[Site "Internet Chess Club"]
[Date "2015.05.30"]
[Round "9"]
[White "LancelotLink"]
[Black "franco"]
[Result "1-0"]
[ICCResult "Black forfeits on time"]
[WhiteElo "1631"]
[BlackElo "1268"]
[Opening "Modern defense: Averbakh system, Randspringer variation"]
[ECO "A40"]
[NIC "KF.04"]
[Time "20:26:28"]
[TimeControl "180+0"]

1. d4 g6 2. c4 Bg7 3. Nc3 d6 4. e4 f5 5. exf5 Bxf5 6. Be3 Nf6 7. Bd3 Qd7 8.
Nf3 O-O 9. O-O Nc6 10. a3 Rae8 11. d5 Ne5 12. Nxe5 dxe5 13. Qc2 e4 14. Nxe4
e5 15. Rac1 b6 16. b4 Ng4 17. Bd2 Qf7 18. f3 Nf6 19. Bc3 Nxe4 20. Bxe4 Bd7
21. c5 Bb5 22. Rfd1 Qf4 23. Bd2 Qf6 24. Be3 Rc8 25. d6 cxd6 26. Rxd6 Qe7 27.
Rcd1 a6 28. a4 Be8 29. Qc4+ Bf7 30. Qxa6 Ra8 31. Qb5 Rfc8 32. Bxa8 Rxa8 33.
cxb6 Qb7 34. Rd8+ Rxd8 35. Rxd8+ Bf8 36. Bc5 Kg7 37. Bxf8+ Kf6 38. Rd6+ Kf5
39. g4+ Kf4 40. Bh6+ Kxf3 41. Qd3+ {Black forfeits on time} 1-0

[Event "ICC Open 2015"]
[Site "Internet Chess Club"]
[Date "2015.05.30"]
[Round "9"]
[White "Darnoc"]
[Black "h13"]
[Result "1-0"]
[ICCResult "Black forfeits on time"]
[WhiteElo "2987"]
[BlackElo "2576"]
[Opening "QGD: Charousek (Petrosian) variation"]
[ECO "D31"]
[NIC "QO.05"]
[Time "20:26:46"]
[TimeControl "180+0"]

1. d4 d5 2. c4 e6 3. Nc3 Be7 4. cxd5 exd5 5. Bf4 c6 6. e3 Bd6 7. Bxd6 Qxd6
8. Bd3 Ne7 9. Nf3 Bf5 10. Bxf5 Nxf5 11. O-O O-O 12. e4 dxe4 13. Nxe4 Qd5 14.
Nc3 Qd6 15. Qb3 b6 16. Rad1 Nd7 17. d5 Nc5 18. Qc2 g6 19. b4 Na6 20. dxc6
Qxc6 21. b5 Nb4 22. Qb3 Qc5 23. Ne4 Qe7 24. Rfe1 Rad8 25. Nd6 Qf6 26. Nxf5
Qxf5 27. Qxb4 Rxd1 28. Rxd1 Rc8 29. h3 h5 30. Qe7 Qxb5 31. Rd8+ Rxd8 32.
Qxd8+ Kh7 33. Qd2 Qc4 34. Kh2 a5 35. g3 a4 36. h4 b5 37. a3 Qb3 38. Ng5+ Kg8
39. Qd8+ Kg7 40. Qd4+ Kg8 41. Qc5 b4 42. axb4 a3 43. Ne4 a2 44. Qd4 Qb1 45.
Nc3 Qb2 46. Qd8+ Kh7 47. Nd1 Qc2 48. Qf6 Qxd1 49. Qxf7+ Kh6 50. Qxa2 Qd4 51.
b5 Qd5 52. Qxd5 {Black forfeits on time} 1-0

[Event "ICC Open 2015"]
[Site "Internet Chess Club"]
[Date "2015.05.30"]
[Round "9"]
[White "Philidor"]
[Black "Redbaron"]
[Result "0-1"]
[ICCResult "White forfeits on time"]
[WhiteElo "2212"]
[BlackElo "2452"]
[Opening "Caro-Kann: exchange variation"]
[ECO "B13"]
[NIC "CK.02"]
[Time "20:26:19"]
[TimeControl "180+0"]

1. e4 c6 2. d4 d5 3. exd5 cxd5 4. Bd3 Nc6 5. c3 g6 6. Bf4 Bg7 7. Nf3 Nh6 8.
O-O Bf5 9. Re1 Bxd3 10. Qxd3 O-O 11. Nbd2 Nf5 12. Ne5 Nxe5 13. Bxe5 e6 14.
Nf3 f6 15. Bf4 g5 16. Bd2 Qd7 17. Re2 Nd6 18. Rae1 Rfe8 19. Bc1 b5 20. a3 g4
21. Nd2 f5 22. Nb3 Ne4 23. f3 gxf3 24. gxf3 Nd6 25. Nc5 Qf7 26. Nxe6 Kh8 27.
Bf4 Nc4 28. b3 Nb6 29. Nxg7 Qxg7+ 30. Kh1 Rxe2 31. Qxe2 Nd7 32. Qe6 Rg8 33.
Be5 Nxe5 34. Qxe5 Rc8 35. Qxf5 Rf8 36. Qxd5 h6 37. Rg1 Qf6 38. Qe5 Qxe5 39.
dxe5 Rxf3 40. Re1 Kg7 41. c4 Rxb3 42. c5 Rc3 43. e6 Kf8 44. e7+ Ke8 45. Re5
Rxa3 46. Kg2 b4 47. c6 Rc3 48. Re4 a5 49. Re5 a4 50. Rb5 b3 51. Rb7 Rxc6 52.
Rb4 Rc2+ 53. Kf3 b2 54. Ke4 a3 55. Kd5 a2 {White forfeits on time} 0-1

[Event "ICC Open 2015"]
[Site "Internet Chess Club"]
[Date "2015.05.30"]
[Round "9"]
[White "Tyrel"]
[Black "PADILLON2189"]
[Result "1-0"]
[ICCResult "Black forfeits on time"]
[WhiteElo "2114"]
[BlackElo "2052"]
[Opening "Queen's pawn game"]
[ECO "A45"]
[NIC "QP.07"]
[Time "20:26:01"]
[TimeControl "180+0"]

1. d4 Nf6 2. e3 e6 3. Bd3 c5 4. f4 d6 5. Nf3 Qc7 6. c3 a6 7. O-O b5 8. e4
Bb7 9. e5 Nd5 10. Qe2 Be7 11. f5 exf5 12. exd6 Qxd6 13. Bxf5 O-O 14. Kh1 Nc6
15. dxc5 Qxc5 16. Qe4 g6 17. Bh3 Rfe8 18. Qg4 Nf6 19. Qg5 Qxg5 20. Bxg5 Kg7
21. Na3 h6 22. Bh4 g5 23. Nxg5 hxg5 24. Bxg5 Ng8 25. Bf4 Bc8 26. Bxc8 Raxc8
27. Nc2 Bc5 28. Rad1 Rcd8 29. Rde1 Rxe1 30. Rxe1 Bd6 31. Be3 Re8 32. Bh6+
Nxh6 33. Rxe8 Nf5 34. Ra8 a5 35. Ra6 Nfe7 36. Nd4 Nxd4 37. Rxd6 Ndc6 38. b3
f6 39. c4 bxc4 40. bxc4 Kf7 41. g3 Ne5 42. c5 N7c6 43. Kg2 Ke7 44. h4 Nb4
45. a3 Nbd3 46. Rd5 Ke6 47. Rd6+ Ke7 48. Ra6 Nxc5 49. Rxa5 Ne4 50. Ra7+ Ke6
51. h5 Ng5 52. h6 Nef7 53. a4 Nxh6 54. a5 Nf5 55. a6 Nd6 56. Rc7 Nb5 57.
Rc6+ Kd5 58. Rb6 Nc7 59. a7 Nge6 60. Rb8 Kd6 61. a8=Q Nxa8 62. Rxa8 Ke5 63.
Ra6 Kf5 64. Ra5+ Kg6 65. Kf3 Ng5+ 66. Kg4 Ne6 67. Ra6 Nd4 68. Kh3 Nf5 69.
Ra5 Ne3 70. Ra3 Nc4 71. Ra4 Nb6 72. Ra1 Nd5 73. Rb1 Ne3 74. Ra1 Nc2 75. Ra2
Nb4 76. Ra4 Nd5 77. Ra2 Nb4 78. Ra1 {Black forfeits on time} 1-0

[Event "ICC Open 2015"]
[Site "Internet Chess Club"]
[Date "2015.05.30"]
[Round "9"]
[White "Sebs"]
[Black "isodung"]
[Result "1/2-1/2"]
[ICCResult "Game drawn because neither player has mating material"]
[WhiteElo "2973"]
[BlackElo "2865"]
[Opening "QGD: Tarrasch, Prague variation, Normal position"]
[ECO "D34"]
[NIC "TD.04"]
[Time "20:25:58"]
[TimeControl "180+0"]

1. d4 e6 2. c4 d5 3. Nc3 c5 4. cxd5 exd5 5. Nf3 Nc6 6. g3 Nf6 7. Bg2 Be7 8.
O-O O-O 9. dxc5 Bxc5 10. Bg5 d4 11. Bxf6 Qxf6 12. Ne4 Qe7 13. Nxc5 Qxc5 14.
Rc1 Qb6 15. Qd2 Be6 16. a3 h6 17. b4 a5 18. b5 Qxb5 19. Nxd4 Nxd4 20. Qxd4
Rad8 21. Qc3 Qxe2 22. Qxa5 Rd7 23. Rb1 Qa6 24. Qb4 b5 25. Rfd1 Rfd8 26. Rxd7
Rxd7 27. Be4 f5 28. Bc2 Qc6 29. Bb3 Bxb3 30. Qxb3+ Kh7 31. Re1 Rd4 32. Re6
Qc5 33. Qf3 Rc4 34. Re3 f4 35. Rb3 Rd4 36. Kg2 fxg3 37. hxg3 Kg8 38. Rc3 Rc4
39. Re3 Qc6 40. Re5 Qxf3+ 41. Kxf3 b4 42. axb4 Rxb4 43. Re7 Rb6 44. Kg4 Rg6+
45. Kh4 Rf6 46. f4 Kh7 47. Kg4 Kg6 48. Kh4 Ra6 49. Kg4 Kf6 50. Rb7 Kg6 51.
Kh4 Kf6 52. Kg4 Kg6 53. Kh4 Rc6 54. Kg4 h5+ 55. Kf3 Kh6 56. Ke4 Rc3 57. Rb6+
Kh7 58. Rb5 g6 59. f5 Rxg3 60. fxg6+ Kxg6 61. Kf4 Rg4+ 62. Kf3 Kh6 63. Rb6+
Kg5 64. Rb5+ Kh4 65. Rb1 Rg3+ 66. Kf2 Ra3 67. Rh1+ Kg4 68. Rg1+ Kf4 69. Kg2
h4 70. Rf1+ Kg4 71. Rf2 h3+ 72. Kh2 Rb3 73. Rf1 Rb2+ 74. Kh1 Kg3 75. Rg1+
Kh4 76. Ra1 Rb4 77. Re1 Rg4 78. Rd1 Rf4 79. Re1 Rd4 80. Rf1 Re4 81. Rg1 Rc4
82. Re1 Rb4 83. Rg1 Rf4 84. Re1 Rd4 85. Rg1 Rf4 86. Re1 Rc4 87. Rg1 Re4 88.
Rf1 Rd4 89. Rg1 Rc4 90. Rf1 Rb4 91. Rg1 Ra4 92. Rf1 Kg3 93. Rg1+ Kf2 94. Kh2
Rf4 95. Rg3 Ke2 96. Kxh3 Rf2 97. Rg2 Kf3 98. Rxf2+ Kxf2
{Game drawn because neither player has mating material}
1/2-1/2

[Event "ICC Open 2015"]
[Site "Internet Chess Club"]
[Date "2015.05.30"]
[Round "9"]
[White "RafaNadal"]
[Black "EGK"]
[Result "1-0"]
[ICCResult "Black disconnected and forfeits"]
[WhiteElo "2825"]
[BlackElo "2155"]
[Opening "Scandinavian defense"]
[ECO "B01"]
[NIC "SD.03"]
[Time "20:26:00"]
[TimeControl "180+0"]

1. e4 d5 2. exd5 Nf6 3. Nf3 Nxd5 4. h3 g6 5. d4 Bg7 6. c4 Nb6 7. Nc3 O-O 8.
Be2 Nc6 9. Be3 e5 10. d5 Ne7 11. O-O f5 12. Bc5 Re8 13. Bxe7 Qxe7 14. Rc1 e4
15. Nd4 f4 16. Bg4 h5 17. Bf5 gxf5 18. Nce2 Qg5 19. f3 e3 20. Qb3 Kh7 21. c5
Nd7 22. Ne6 Qe7 23. Nxc7 Nxc5 24. Qb5 Bd7 25. Qxc5 Rac8 26. Qxe7 Rxe7 27. d6
{Black disconnected and forfeits}
1-0

[Event "ICC Open 2015"]
[Site "Internet Chess Club"]
[Date "2015.05.30"]
[Round "9"]
[White "Skyrmion"]
[Black "Ernie1"]
[Result "1-0"]
[ICCResult "Black forfeits on time"]
[WhiteElo "1668"]
[BlackElo "1313"]
[Opening "Caro-Kann: Panov-Botvinnik attack, 5...e6"]
[ECO "B14"]
[NIC "CK.03"]
[Time "20:26:57"]
[TimeControl "180+0"]

1. e4 c6 2. d4 d5 3. exd5 cxd5 4. c4 Nf6 5. Nc3 e6 6. Nf3 Bb4 7. cxd5 Nxd5
8. Qc2 Qa5 9. Bd2 O-O 10. Nxd5 Bxd2+ 11. Qxd2 Qxd5 12. Bd3 g6 13. O-O Nc6
14. b3 Nxd4 15. Nxd4 Qxd4 16. Rfd1 b6 17. Qh6 Qg7 18. Qf4 Bb7 19. Bb5 Rfd8
20. h3 Bd5 21. Rac1 a6 22. Be2 b5 23. Rc7 Rac8 24. Rdc1 Rxc7 25. Qxc7 Ra8
26. Qe7 Qf8 27. Qf6 Qg7 28. Qg5 Qb2 29. Bf3 Bxf3 30. gxf3 Qxa2 31. Rc7
{Black forfeits on time}
1-0

[Event "ICC Open 2015"]
[Site "Internet Chess Club"]
[Date "2015.05.30"]
[Round "9"]
[White "jewels2"]
[Black "grancaruso"]
[Result "0-1"]
[ICCResult "White forfeits on time"]
[WhiteElo "1365"]
[BlackElo "1830"]
[Opening "Benoni: classical, 8.Bg5"]
[ECO "A71"]
[NIC "BI.19"]
[Time "20:26:44"]
[TimeControl "180+0"]

1. d4 Nf6 2. c4 c5 3. d5 e6 4. Nc3 exd5 5. cxd5 d6 6. e4 g6 7. Nf3 Bg7 8.
Bg5 h6 9. Bd2 O-O 10. h3 Re8 11. Bd3 Na6 12. Qc2 Nb4 13. Qb1 Nxd3+ 14. Qxd3
Nxe4 15. Nxe4 f5 16. Qb3 Rxe4+ 17. Kf1 Qc7 18. Bc3 b6 19. Nd2 Ba6+ 20. Kg1
Re2 21. Kh2 Rae8 22. Bxg7 Qxg7 23. Qa4 Qe5+ 24. Kg1 Rxd2 25. Qxa6 Qe2 26.
Qxe2 Rexe2 27. Rf1 Rxb2 28. g4 f4 29. a4 Rbd2 30. h4 f3 31. Rh3 Rxd5 32.
Rxf3 Rd4 33. Re3 Rxg4+ 34. Kh2 Rxe3 35. fxe3 Rxh4+ 36. Kg3 Rxa4
{White forfeits on time}
0-1

[Event "ICC Open 2015"]
[Site "Internet Chess Club"]
[Date "2015.05.30"]
[Round "9"]
[White "reydelmambo"]
[Black "FZI88"]
[Result "1-0"]
[ICCResult "Black forfeits on time"]
[WhiteElo "1993"]
[BlackElo "2217"]
[Opening "King's Indian: orthodox, Aronin-Taimanov, 9.Ne1"]
[ECO "E98"]
[NIC "KI.03"]
[Time "20:26:14"]
[TimeControl "180+0"]

1. Nf3 Nf6 2. c4 g6 3. Nc3 Bg7 4. e4 d6 5. d4 O-O 6. Be2 e5 7. O-O Nc6 8. d5
Ne7 9. Ne1 Ne8 10. f3 f5 11. g4 f4 12. h4 h6 13. Ng2 Nf6 14. Bd2 Kh7 15. b4
g5 16. h5 Bd7 17. c5 Be8 18. cxd6 cxd6 19. Kf2 Qb6+ 20. Ke1 Rc8 21. Na4 Qd4
22. Rc1 Rxc1 23. Qxc1 Bxa4 24. Qc7 Nexd5 25. exd5 Nxd5 26. Qxd6 e4 27. Qg6+
Kh8 28. Qxe4 Qxe4 29. fxe4 Nc3 30. Bf3 Re8 31. Bxc3 Bxc3+ 32. Kf2 Bd4+ 33.
Ke1 Bb5 34. Rh1 Rc8 35. Kd2 Ba4 36. Ne1 Be3+ 37. Ke2 Rc1 38. Nd3 Rc2+ 39.
Kf1 Bb5 40. Be2 Bxd3 41. Bxd3 Rf2+ 42. Ke1 Rxa2 43. Be2 Ra1+ 44. Bd1 Kg7 45.
Rh2 Kf6 46. Rc2 Ke5 47. Rc7 b6 48. Rc4 a5 49. bxa5 bxa5 50. Ke2 a4 51. Kd3
a3 52. Bb3 a2 53. Ra4 Rd1+ 54. Bxd1 a1=Q 55. Rxa1 f3 56. Ra5+
{Black forfeits on time}
1-0

[Event "ICC Open 2015"]
[Site "Internet Chess Club"]
[Date "2015.05.30"]
[Round "9"]
[White "Champion"]
[Black "blackdaysrook"]
[Result "1-0"]
[ICCResult "Black forfeits on time"]
[WhiteElo "1931"]
[BlackElo "1701"]
[Opening "Caro-Kann: Bronstein-Larsen variation"]
[ECO "B16"]
[NIC "CK.07"]
[Time "20:26:27"]
[TimeControl "180+0"]

1. e4 c6 2. d4 d5 3. Nc3 dxe4 4. Nxe4 Nf6 5. Nxf6+ gxf6 6. Nf3 Rg8 7. g3 Bg4
8. Be3 e5 9. Be2 e4 10. Nd2 Bxe2 11. Qxe2 Qd5 12. c4 Qa5 13. O-O f5 14. Bf4
Nd7 15. a3 O-O-O 16. b4 Qa6 17. b5 Qb6 18. Nb3 c5 19. a4 cxd4 20. a5 Qf6 21.
Rad1 d3 22. Qe3 b6 23. axb6 Qxb6 24. c5 Bxc5 25. Nxc5 Nxc5 26. Rc1 Rd5 27.
Rc4 Kb7 28. Rfc1 Rc8 29. Rd4 Rxd4 30. Qxd4 Qxb5 31. Qd5+ Qc6 32. Rb1+ Ka8
33. Qxf7 d2 34. Bxd2 Nd3 35. Ra1 Rc7 36. Qg8+ Kb7 37. Qb3+ Qb6 38. Qxb6+
Kxb6 39. Be3+ {Black forfeits on time} 1-0

[Event "ICC Open 2015"]
[Site "Internet Chess Club"]
[Date "2015.05.30"]
[Round "9"]
[White "Andiamo"]
[Black "Cave-Man"]
[Result "0-1"]
[ICCResult "White checkmated"]
[WhiteElo "1465"]
[BlackElo "1840"]
[Opening "Sicilian: Kan, 5.Nc3"]
[ECO "B43"]
[NIC "SI.41"]
[Time "20:26:10"]
[TimeControl "180+0"]

1. e4 c5 2. Nf3 e6 3. d4 cxd4 4. Nxd4 a6 5. Nc3 Qc7 6. Bd3 Nf6 7. O-O Bc5 8.
Nb3 Ba7 9. Qe2 d6 10. Be3 Bxe3 11. Qxe3 Nc6 12. f4 Bd7 13. e5 dxe5 14. fxe5
Qxe5 15. Qf2 O-O 16. Rae1 Qh5 17. Ne4 Nxe4 18. Rxe4 Ne5 19. Rh4 Nxd3 20.
cxd3 Qg6 21. Nd4 Qxd3 22. Nf3 f6 23. Rd4 Qb5 24. Rfd1 Bc6 25. Qe1 Qf5 26.
Nh4 Qe5 27. Nf3 Qxe1+ 28. Rxe1 e5 29. Rd6 Rad8 30. Red1 Rxd6 31. Rxd6 Kf7
32. Kf2 Ke7 33. Rd2 Bxf3 34. Kxf3 Rd8 35. Rc2 Rd7 36. g4 g6 37. h4 Ke6 38.
g5 f5 39. b4 Kd6 40. a4 Rc7 41. Rd2+ Ke6 42. Rd8 Rc3+ 43. Kg2 e4 44. Rh8 Rc7
45. Re8+ Kd7 46. Rh8 Kd6 47. Rd8+ Ke5 48. Re8+ Kf4 49. Rh8 e3 50. Kf1 Kf3
51. Kg1 e2 52. Re8 Rc1+ 53. Kh2 e1=Q 54. Rxe1 Rxe1 55. b5 Rb1 56. bxa6 bxa6
57. h5 Ra1 58. a5 Rxa5 59. hxg6 hxg6 60. Kg1 f4 61. Kh2 Rxg5 62. Kh1 Rg3 63.
Kh2 g5 64. Kh1 g4 65. Kh2 Kf2 66. Kh1 Rh3# {White checkmated} 0-1

[Event "ICC Open 2015"]
[Site "Internet Chess Club"]
[Date "2015.05.30"]
[Round "9"]
[White "ibarra"]
[Black "Red-white"]
[Result "0-1"]
[ICCResult "White resigns"]
[WhiteElo "2751"]
[BlackElo "3087"]
[Opening "Four knights: Scotch, 4...exd4"]
[ECO "C47"]
[NIC "KP.06"]
[Time "20:26:17"]
[TimeControl "180+0"]

1. e4 e5 2. Nf3 Nc6 3. Nc3 Nf6 4. d4 exd4 5. Nxd4 Bb4 6. Nxc6 bxc6 7. Bd3
O-O 8. O-O d5 9. exd5 cxd5 10. h3 c6 11. Qf3 Rb8 12. Bf4 Bd6 13. Bxd6 Qxd6
14. b3 Be6 15. Qg3 Qxg3 16. fxg3 c5 17. Rae1 Rfc8 18. g4 h6 19. Bf5 Rc6 20.
Rf2 c4 21. Ne2 Bxf5 22. gxf5 Ra6 23. Nc3 d4 24. Na4 d3 25. cxd3 cxb3 26.
axb3 Rd6 27. Nc5 Rd5 28. Rc2 Rxf5 29. Re7 a5 30. Ra7 Rb5 31. d4 Nd5 32. Re2
Kh7 33. Re8 h5 34. Rd8 Ne3 35. Rdd7 Kg6 36. Ra6+ Rf6 37. Rxf6+ Kxf6 38. Ne4+
Kg6 39. Rxf7 Kxf7 40. Nd6+ Ke6 41. Nxb5 Kd5 42. Kf2 Nc2 43. Kg3 Nxd4 44.
Nc3+ Kc5 45. Kh4 Kb4 46. Nd5+ Kxb3 47. Nb6 Kb4 48. Kxh5 Kb5 49. Nd5 Ne2 50.
Kg6 a4 51. Ne3 a3 52. Nc2 a2 53. Kxg7 Kc4 54. h4 Ng3 55. h5 Nxh5+ 56. Kh6
Ng3 57. Kg5 Kb3 58. Nd4+ Kb2 59. Kg4 Nh1 60. Nc2 Kxc2 {White resigns} 0-1

[Event "ICC Open 2015"]
[Site "Internet Chess Club"]
[Date "2015.05.30"]
[Round "9"]
[White "kurka56"]
[Black "blackmiura"]
[Result "0-1"]
[ICCResult "White forfeits on time"]
[WhiteElo "1803"]
[BlackElo "1943"]
[Opening "Budapest: Adler variation"]
[ECO "A52"]
[NIC "QG.01"]
[Time "20:26:19"]
[TimeControl "180+0"]

1. d4 Nf6 2. c4 e5 3. dxe5 Ng4 4. Nf3 Nc6 5. e3 Ngxe5 6. Be2 Bb4+ 7. Bd2
Bxd2+ 8. Nbxd2 O-O 9. O-O d6 10. a3 Bf5 11. b4 a6 12. b5 axb5 13. cxb5 Ne7
14. Nd4 Bg6 15. N2f3 c5 16. bxc6 N7xc6 17. a4 Rc8 18. Nb5 d5 19. Nbd4 Be4
20. a5 Nxd4 21. Nxd4 Qg5 22. g3 Qh6 23. Qd2 Rfd8 24. f3 Bg6 25. Rac1 Nc4 26.
Bxc4 dxc4 27. Qc3 Bd3 28. Rf2 Qxe3 29. Nb5 Rc5 30. Re1 Qh6 31. Nd4 Qd6 32.
Nc2 Bxc2 33. Qxc2 Qd3 34. Qe2 Qxe2 35. Rfxe2 h6 36. Re8+ Rxe8 37. Rxe8+ Kh7
38. Re1 Rxa5 39. Rc1 b5 40. Rc3 Ra6 41. Kf2 Rc6 42. Ke3 b4 43. Rc1 Kg6 44.
Kd2 Kf5 45. Rb1 Rb6 46. Ke3 Ke5 47. f4+ Kd5 48. g4 Kc5 {White forfeits on
time} 0-1

[Event "ICC Open 2015"]
[Site "Internet Chess Club"]
[Date "2015.05.30"]
[Round "9"]
[White "Glamurius"]
[Black "mvillalba"]
[Result "1-0"]
[ICCResult "Black resigns"]
[WhiteElo "2951"]
[BlackElo "2278"]
[Opening "Queen's pawn game"]
[ECO "D05"]
[NIC "QP.06"]
[Time "20:26:16"]
[TimeControl "180+0"]

1. d4 Nf6 2. Nf3 e6 3. e3 d5 4. Bd3 b6 5. O-O Ba6 6. Bxa6 Nxa6 7. c4 c6 8.
Qa4 Nb8 9. Nc3 Be7 10. Ne5 O-O 11. Nxc6 Nxc6 12. Qxc6 Rc8 13. Qa4 Rxc4 14.
Qxa7 Bb4 15. Bd2 Bxc3 16. Bxc3 Ne4 17. Be1 Qd6 18. f3 Nf6 19. b3 Rc2 20. Rf2
Rxf2 21. Bxf2 Qc6 22. Qa6 Ra8 23. Qf1 Qc2 24. Qc1 Rc8 25. Qxc2 Rxc2 26. a4
Rb2 27. g4 Rxb3 28. g5 Nd7 29. a5 bxa5 30. Rxa5 Kf8 31. Bg3 Ke7 32. Ra6 Rb6
33. Ra3 f6 34. h4 Rb7 35. Kg2 Rb6 36. Kh3 e5 37. Kg4 exd4 38. exd4 Rb4 39.
Bf2 fxg5 40. hxg5 Rb6 41. Re3+ Re6 42. Ra3 Nb6 43. Ra7+ Nd7 44. Bg3 Re3 45.
Be5 g6 46. Bf6+ Ke6 47. Ra6+ Kf7 48. Ra7 Ke6 49. Ra6+ Kf7 50. Kf4 Re6 51.
Ra7 Ke8 52. Be5 Ke7 53. Kg4 Rc6 54. f4 Rc8 55. f5 gxf5+ 56. Kxf5 Rf8+ 57.
Bf6+ Ke8 58. Ke6 Nb6 59. Re7+ Kd8 60. Rf7+ Ke8 61. Rb7 Nc8 62. Rb8 Rxf6+ 63.
gxf6 Kd8 64. f7 Kc7 65. Rxc8+ Kxc8 66. f8=Q+ {Black resigns} 1-0

[Event "ICC Open 2015"]
[Site "Internet Chess Club"]
[Date "2015.05.30"]
[Round "9"]
[White "ro9991"]
[Black "rovov"]
[Result "1-0"]
[ICCResult "Black forfeits on time"]
[WhiteElo "1965"]
[BlackElo "1658"]
[Opening "QGD Slav defense: exchange variation"]
[ECO "D10"]
[NIC "SL.01"]
[Time "20:26:13"]
[TimeControl "180+0"]

1. d4 d5 2. c4 c6 3. cxd5 cxd5 4. Bf4 Nc6 5. e3 Qb6 6. Nc3 a6 7. Nxd5 Qa5+
8. Nc3 Bf5 9. Bd3 Bxd3 10. Qxd3 e6 11. Nf3 Nf6 12. O-O Be7 13. a3 O-O 14. b4
Qd8 15. Rfd1 Nd5 16. Nxd5 Qxd5 17. e4 Qd7 18. d5 exd5 19. exd5 Nd8 20. d6
Bf6 21. Be5 Qe6 22. Re1 Nc6 23. Bg3 Qd7 24. Rad1 Rfe8 25. Rxe8+ Rxe8 26. h3
h6 27. b5 axb5 28. Qxb5 Ne5 29. Qxd7 Nxd7 30. Rb1 b6 31. Rc1 Nc5 32. Rb1 Bd8
33. Nd4 Re4 34. Nb5 Re6 35. Kf1 Kf8 36. Rd1 Ke8 37. Nc7+ Bxc7 38. dxc7 Rc6
39. Rd8+ Ke7 40. c8=Q Rc7 41. Qxc7+ Kf6 42. Rd6+ Kg5 43. Qc6 f5 44. h4+ Kh5
45. Rg6 {Black forfeits on time} 1-0

[Event "ICC Open 2015"]
[Site "Internet Chess Club"]
[Date "2015.05.30"]
[Round "9"]
[White "Muad-dib"]
[Black "PJJVenegas"]
[Result "0-1"]
[ICCResult "White forfeits on time"]
[WhiteElo "1965"]
[BlackElo "2282"]
[Opening "Sicilian: dragon, classical attack"]
[ECO "B72"]
[NIC "SI.16"]
[Time "20:26:19"]
[TimeControl "180+0"]

1. e4 c5 2. Nf3 d6 3. d4 cxd4 4. Nxd4 Nf6 5. Nc3 g6 6. Be3 Bg7 7. Be2 O-O 8.
Qd2 Nc6 9. f3 Bd7 10. a3 a6 11. O-O b5 12. Rad1 Rc8 13. Rfe1 Ne5 14. Bf1 Qa5
15. Qf2 Rfd8 16. h3 Nc4 17. Bc1 Nxa3 18. Na2 Nxc2 19. Nxc2 Qxa2 20. Nd4 Be8
21. Be3 Nd7 22. Ra1 Qxa1 23. Rxa1 Ne5 24. Rxa6 Nc4 25. Bxc4 Rxc4 26. Ra7 e6
27. b3 Rc3 28. Qd2 Rdc8 29. f4 h5 30. Kh2 Bh6 31. Ra2 e5 32. Ne2 exf4 33.
Nxc3 fxe3 34. Qe1 b4 35. Nd5 Bg7 36. Nxe3 Be5+ 37. g3 Rc3 38. Ra8 Kf8 39.
Nd5 Rc2+ 40. Kh1 h4 41. gxh4 f6 42. h5 gxh5 43. Nb6 Kf7 44. Qd1 Rh2+ 45. Kg1
Bc6 46. Nd5 Rxh3 47. Ra7+ Kg6 48. Qe2 Rg3+ 49. Kf1 Bd4 50. Ne7+ Kf7 51.
Nxc6+ Bxa7 52. Qxh5+ Rg6 53. Nxa7 Kg7 54. Nc6 Rg5 55. Qh4 Kg6 56. Qf4 Rh5
57. Ne7+ Kf7 58. Qxd6 Rh1+ 59. Ke2 Rb1 60. Kd3 Rb2 61. Kc4 Rb1 62. Kxb4 Rc1
63. Nf5 Kg6 64. Qe7 Kg5 65. Qg7+ Kf4 66. Qg3+ Kxe4 67. Qe3+ Kxf5
{White forfeits on time}
0-1

[Event "ICC Open 2015"]
[Site "Internet Chess Club"]
[Date "2015.05.30"]
[Round "9"]
[White "lemanofzorn"]
[Black "jojowang"]
[Result "1-0"]
[ICCResult "Black forfeits on time"]
[WhiteElo "1435"]
[BlackElo "1353"]
[Opening "King's Indian: orthodox, Aronin-Taimanov, bayonet attack"]
[ECO "E97"]
[NIC "KI.05"]
[Time "20:26:44"]
[TimeControl "180+0"]

1. d4 Nf6 2. c4 g6 3. Nc3 Bg7 4. Nf3 O-O 5. e4 d6 6. Be2 e5 7. O-O Nc6 8. d5
Ne7 9. b4 Nd7 10. Ba3 f5 11. c5 f4 12. Bc4 Kh8 13. cxd6 cxd6 14. b5 Nb6 15.
Bb3 Ng8 16. Rc1 g5 17. Ne2 g4 18. Nd2 f3 19. Ng3 Qf6 20. Rxc8 Raxc8 21. Nf5
Nh6 22. Bxd6 Rfe8 23. Nxf3 gxf3 24. Qxf3 Nxf5 25. Bb4 Nd4 26. Qe3 Qh6 27.
Qxh6 Bxh6 28. f4 exf4 29. Bd6 Rxe4 30. Be7 Ne2+ 31. Kh1 Ng3+ 32. hxg3 fxg3
33. Bf6+ Bg7 34. Bxg7+ Kxg7 35. d6 Rf4 36. Re1 Re4 37. Rf1 Rf4 38. Rd1 Rd4
39. Rf1 {Black forfeits on time} 1-0

[Event "ICC Open 2015"]
[Site "Internet Chess Club"]
[Date "2015.05.30"]
[Round "9"]
[White "MichelRocard"]
[Black "TheLlamaLord"]
[Result "0-1"]
[ICCResult "White checkmated"]
[WhiteElo "1914"]
[BlackElo "1678"]
[Opening "Four knights: Schultze-Müller gambit"]
[ECO "C47"]
[NIC "RG.01"]
[Time "20:26:51"]
[TimeControl "180+0"]

1. e4 e5 2. Nf3 Nf6 3. Nc3 Nc6 4. Nxe5 Nxe5 5. d4 Ng6 6. e5 Ng8 7. Bc4 d5 8.
Bxd5 c6 9. Bb3 Be6 10. O-O Be7 11. f4 Nh6 12. Ne4 O-O 13. Be3 Nf5 14. Qd3
Nxe3 15. Qxe3 Nh4 16. Rad1 Nf5 17. Qf2 Bd5 18. Nd2 Qb6 19. c3 Bxb3 20. axb3
c5 21. d5 Qg6 22. Ne4 b6 23. Rd3 Bh4 24. g3 Rad8 25. d6 Nxd6 26. Rxd6 Qxe4
27. gxh4 Rxd6 28. exd6 Qg6+ 29. Qg3 Qxd6 30. Rf2 Re8 31. Kg2 Qd5+ 32. Qf3
Qe6 33. f5 Qe5 34. f6 g6 35. Qf4 Qd5+ 36. Qf3 Qxf3+ 37. Kxf3 Re5 38. Kg4 h5+
39. Kg3 Kf8 40. Rd2 Ke8 41. Rd6 Re2 42. Rc6 Kd7 43. Kf3 Rxb2 44. Rxc5 bxc5
45. b4 Rb3 46. bxc5 Rxc3+ 47. Kf4 Rxc5 48. h3 Rc6 49. Kg5 Ke6 50. Kh6 Rc5
51. Kg7 Rf5 52. Kh6 Rxf6 53. Kh7 a5 54. Kh6 a4 55. Kh7 a3 56. Kh8 a2 57. Kh7
a1=Q 58. Kh6 Qc1+ 59. Kh7 g5 60. hxg5 Qxg5 61. h4 Rh6# {White checkmated}
0-1